[Event "Titled Tuesday Blitz January 31 Early 2023"]
[White "Gjestemoen-VonHirsch, Andre"]
[Black "Berezin, Viktor"]
[WhiteFideId "1539531"]
[BlackFideId "14107872"]
[WhiteElo "2314"]
[BlackElo "2307"]
[Result "1-0"]
[Round "04"]
[TimeControl "180+2"]
[Date "2023.01.31"]
[WhiteClock "0:00:13"]
[BlackClock "0:00:13"]

1. e4 g6 2. c4 Bg7 3. Nc3 d6 4. Nge2 Nf6 5. g3 O-O 6. Bg2 e5 7. O-O Nc6 8. Rb1 Nd7 9. b4 Nd4 10. b5 Nc5 11. d3 Be6 12. Ba3 Qd7 13. Nxd4 exd4 14. Nd5 f5 15. Bxc5 dxc5 16. exf5 Bxf5 17. Re1 Rae8 18. Qd2 Bg4 19. Qg5 Be6 20. Nf4 Bf5 21. Bd5+ Kh8 22. Bxb7 Rxe1+ 23. Rxe1 Bf6 24. Qh6 Re8 25. Rxe8+ Qxe8 26. Ng2 Bxd3 27. Bd5 Bg7 28. Qd2 Bf5 29. Nf4 h6 30. h4 Kh7 31. h5 g5 32. Ng6 Bxg6 33. hxg6+ Qxg6 34. Qe1 Qf6 35. Qe4+ Qg6 36. Bg8+ Kxg8 37. Qxg6 Kf8 38. Qe6 d3 39. Qc8+ Kf7 40. Qf5+ Kg8 41. Qxd3 Bd4 42. Qg6+ Kf8 43. Qc6 Be5 44. Qa8+ Ke7 45. Qxa7 Bd4 46. a4 Kd6 47. Kg2 h5 48. Qa6+ Ke5 49. Qg6 g4 50. Qxh5+ Ke4 51. Qxg4+ Kd3 52. Qe6 Kc3 53. Qd5 Kd3 54. a5 Ke2 55. a6 Bxf2 56. Qf3+ Kd2 57. Qxf2+ Kc3 58. Qxc5 1-0


[Site "https://www.chess.com"]

[Event "Titled Tuesday Blitz January 31 Early 2023"]
[White "Li, Hui"]
[Black "Ismagilov, Damir"]
[WhiteFideId "15400310"]
[BlackFideId "34199982"]
[WhiteElo "1963"]
[BlackElo "2156"]
[Result "0-1"]
[Round "04"]
[TimeControl "180+2"]
[Date "2023.01.31"]
[WhiteClock "0:00:01"]
[BlackClock "0:01:37"]

1. e4 g6 2. d4 Bg7 3. Nc3 d6 4. Nf3 Nf6 5. Be2 O-O 6. O-O c5 7. dxc5 dxc5 8. Qxd8 Rxd8 9. Be3 b6 10. Rad1 Nc6 11. Rxd8+ Nxd8 12. e5 Ng4 13. Bf4 Nc6 14. Rd1 Bf5 15. Rd2 Ngxe5 16. Nxe5 Bxe5 17. Bxe5 Nxe5 18. Nd5 Kf8 19. f4 Nc6 20. Ne3 Rd8 21. Rxd8+ Nxd8 22. Nxf5 gxf5 23. Kf2 Nc6 24. c3 e6 25. Kg3 Kg7 26. Bf3 Ne7 27. Kf2 Nc8 28. Ke3 Nd6 29. b3 f6 30. g3 Kf7 31. Bh5+ Ke7 32. Bf3 e5 33. Bg2 Ke6 34. Bf3 h6 35. Bg2 e4 36. Bf1 Kd5 37. Be2 b5 38. Bf1 Kc6 39. Be2 Nc8 40. Bh5 Ne7 41. Be8+ Kb6 42. Bd7 a6 43. g4 fxg4 44. Kxe4 h5 45. Be8 h4 46. Bd7 f5+ 47. Ke3 Kc7 48. Be6 Kd6 49. Bf7 Nd5+ 50. Kd3 Nxf4+ 51. Ke3 Nd5+ 52. Kd3 Nf4+ 53. Ke3 Ne6 54. Be8 Ke5 0-1


[Site "https://www.chess.com"]

[Event "Titled Tuesday Blitz January 31 Early 2023"]
[White "Rengifo Blancas, Renzo Jhonathan"]
[Black "Kubicka, Anna"]
[WhiteFideId "3807185"]
[BlackFideId "1152254"]
[WhiteElo "2131"]
[BlackElo "2240"]
[Result "1-0"]
[Round "04"]
[TimeControl "180+2"]
[Date "2023.01.31"]
[WhiteClock "0:00:03"]
[BlackClock "0:00:09"]

1. e4 c5 2. c3 d6 3. d4 cxd4 4. cxd4 g6 5. Nc3 Bg7 6. Nf3 Nc6 7. Be3 Bg4 8. d5 Ne5 9. Bb5+ Kf8 10. Be2 Bxf3 11. Bxf3 h5 12. O-O Nxf3+ 13. Qxf3 Nf6 14. h3 Nd7 15. Qg3 Rc8 16. Rac1 Kg8 17. f4 Kh7 18. f5 Be5 19. fxg6+ fxg6 20. Rf7+ Bg7 21. Qg5 Kg8 22. Qxg6 Rh7 23. Bh6 Qb6+ 24. Kh1 Qd4 25. Rxe7 Rxh6 26. Qf7+ Kh8 27. Rxd7 Rf8 28. Qe7 Rg6 29. Qh4 Qe5 30. Re7 Qd4 31. Qxh5+ Rh6 32. Qg4 Bf6 33. Re6 Rg8 34. Qe2 Rhg6 35. Rd1 Qb4 36. Rg1 Bxc3 37. bxc3 Qxc3 38. Qh5+ Kg7 39. Qxg6+ Kf8 40. Rf1+ Qf3 41. Rxf3# 1-0


[Site "https://www.chess.com"]

[Event "Titled Tuesday Blitz January 31 Early 2023"]
[White "Foerster-Yialamas, Lucas"]
[Black "Ilkhomi, Jaloliddin"]
[WhiteFideId "30901774"]
[BlackFideId "14700948"]
[WhiteElo "2151"]
[BlackElo "1997"]
[Result "0-1"]
[Round "04"]
[TimeControl "180+2"]
[Date "2023.01.31"]
[WhiteClock "0:01:58"]
[BlackClock "0:01:40"]

1. Nf3 Nf6 2. b3 d5 3. Bb2 e6 4. e3 b6 5. c4 Bb7 6. d4 Nbd7 7. Nc3 Bd6 8. Rc1 a6 9. a3 O-O 10. b4 c5 11. bxc5 bxc5 12. dxc5 Nxc5 13. cxd5 Nxd5 14. Nxd5 Bxd5 15. Qd4 f6 16. Rxc5 Bxc5 17. Qxc5 Rb8 18. Qc3 Qb6 19. Bc1 Rfc8 20. Qd2 Qb1 21. Bxa6 Rxc1+ 22. Ke2 Rxh1 0-1


[Site "https://www.chess.com"]

[Event "Titled Tuesday Blitz January 31 Early 2023"]
[White "Toncheva, Nadya"]
[Black "Andreev, Konstantin"]
[WhiteFideId "2924056"]
[BlackFideId "24239305"]
[WhiteElo "2295"]
[BlackElo "2195"]
[Result "0-1"]
[Round "04"]
[TimeControl "180+2"]
[Date "2023.01.31"]
[WhiteClock "0:00:05"]
[BlackClock "0:00:05"]

1. d4 Nf6 2. c4 e6 3. Nc3 Bb4 4. e3 O-O 5. Ne2 b6 6. a3 Be7 7. Nf4 Bb7 8. Bd3 h6 9. O-O c5 10. d5 exd5 11. cxd5 d6 12. e4 Nbd7 13. Nfe2 a6 14. Ng3 b5 15. f4 c4 16. Bc2 Nc5 17. Kh1 Bc8 18. Be3 Ng4 19. Bd4 Bf6 20. Bxc5 dxc5 21. Qf3 Bd4 22. Rae1 Nxh2 23. Qh5 Nxf1 24. Rxf1 Ra7 25. Rf3 f5 26. Nxf5 Bxf5 27. exf5 b4 28. Ne4 Qxd5 29. Qg6 Qxf5 30. Qb6 Re7 31. Qc6 Qe6 32. Qa4 b3 33. Bb1 Qd5 34. Qxa6 Qh5+ 35. Rh3 Qd1+ 36. Kh2 Qxb1 37. Qxc4+ Kh7 38. Ng5+ Kh8 39. Qa6 Qg1+ 40. Kg3 Qf2+ 41. Kh2 Qxf4+ 42. Rg3 Be5 43. Ne4 Qxe4 44. Kh1 Qe1+ 45. Kh2 Bxg3+ 0-1


[Site "https://www.chess.com"]

[Event "Titled Tuesday Blitz January 31 Early 2023"]
[White "Derjabin, Ilja"]
[Black "Ramirez Vido, Robert Yorisan"]
[WhiteFideId "14104768"]
[BlackFideId "3513823"]
[WhiteElo "2333"]
[BlackElo "2015"]
[Result "1-0"]
[Round "04"]
[TimeControl "180+2"]
[Date "2023.01.31"]
[WhiteClock "0:00:41"]
[BlackClock "0:00:01"]

1. d4 g6 2. c4 Nf6 3. Nc3 Bg7 4. e4 d6 5. Nge2 O-O 6. Ng3 e5 7. d5 c6 8. Be2 a5 9. O-O Na6 10. Be3 Ne8 11. Kh1 f5 12. exf5 gxf5 13. f4 e4 14. Nh5 Bh8 15. g4 Nf6 16. gxf5 Bxf5 17. Rg1+ Kf7 18. Rg5 Qd7 19. dxc6 bxc6 20. Ng3 Bh3 21. Ncxe4 h6 22. Nxd6+ Ke7 23. Re5+ Kd8 24. Bb6+ Nc7 25. Bf3 Ra6 26. Bxa5 Rxa5 27. Rxa5 Nfe8 28. Nxe8 Qxd1+ 29. Rxd1+ Kxe8 30. Bxc6+ Ke7 31. Ra7 Rc8 32. f5 Be5 33. Bd7 Rb8 34. f6+ Kxf6 35. Bxh3 Rxb2 36. Ne4+ Ke7 37. Rxc7+ Bxc7 38. Rd7+ 1-0


[Site "https://www.chess.com"]

[Event "Titled Tuesday Blitz January 31 Early 2023"]
[White "Defend, Balint"]
[Black "Gureeva, Dina"]
[WhiteFideId "17004853"]
[BlackFideId "4170695"]
[WhiteElo "1673"]
[BlackElo "2178"]
[Result "0-1"]
[Round "04"]
[TimeControl "180+2"]
[Date "2023.01.31"]
[WhiteClock "0:00:09"]
[BlackClock "0:00:23"]

1. e4 d6 2. d4 Nf6 3. Nc3 e5 4. Nf3 Nbd7 5. Bc4 Be7 6. a4 a5 7. O-O O-O 8. h3 c6 9. Ba2 exd4 10. Nxd4 Nc5 11. Re1 Be6 12. Nxe6 fxe6 13. e5 Nd5 14. exd6 Bxd6 15. Ne4 Nxe4 16. Rxe4 Bc5 17. Be3 Bxe3 18. fxe3 Qf6 19. Qd4 Qf2+ 20. Kh1 Qxc2 21. Rxe6 Rf7 22. Rg1 Raf8 23. e4 Nb4 24. Bc4 Kh8 25. Re8 Rxe8 26. Bxf7 Ra8 27. e5 Qf5 28. e6 Nd5 29. Re1 h6 30. Kh2 Rc8 31. Re5 Qf6 32. Qe4 Ne7 33. Rc5 Rd8 34. Qe5 Qxe5+ 35. Rxe5 g5 36. Re3 Kg7 37. Rb3 Rb8 38. g4 Kf6 39. Rf3+ Ke5 40. Re3+ Kf6 41. Rb3 b5 42. axb5 cxb5 43. Rc3 a4 44. Rc7 b4 45. Rc1 a3 46. bxa3 bxa3 47. Ra1 Rb2+ 48. Kg3 a2 49. Kf3 Nc6 50. Ke3 Ne5 51. Kd4 Nxf7 52. exf7 Kxf7 53. Ke5 Rf2 54. Ke4 Ke6 55. Rd1 Rb2 56. Ra1 Kd6 57. Kd4 Kc6 58. Kc4 Rh2 59. Kd4 Kb5 60. Kc3 Kc5 61. Kb3 Kd4 62. Ka3 Ke4 63. Rf1 Kd3 64. Kb3 Ke3 65. Rc1 Ke4 66. Ka3 Rxh3+ 67. Kxa2 Kf4 68. Rc6 Kxg4 69. Kb2 h5 70. Kc2 Re3 71. Kd2 Re7 72. Rc4+ Kg3 73. Rc6 g4 74. Rh6 h4 75. Kd3 h3 76. Rh8 h2 77. Rh6 Re1 78. Rf6 h1=Q 79. Kd4 Rd1+ 80. Kc5 Qd5+ 81. Kb4 Rb1+ 82. Kc3 Rc1+ 83. Kb2 Qd4+ 84. Kxc1 Qxf6 85. Kd2 Qf3 86. Kc2 Kf4 0-1


[Site "https://www.chess.com"]

[Event "Titled Tuesday Blitz January 31 Early 2023"]
[White "Ezat, Mohamed"]
[Black "Lorenzo De La Riva, Lazaro"]
[WhiteFideId "10600906"]
[BlackFideId "2268809"]
[WhiteElo "2402"]
[BlackElo "2404"]
[Result "0-1"]
[Round "04"]
[TimeControl "180+2"]
[Date "2023.01.31"]
[WhiteClock "0:00:02"]
[BlackClock "0:00:15"]

1. e4 e6 2. d4 d5 3. Nd2 Be7 4. Ngf3 Nf6 5. Bd3 c5 6. dxc5 Na6 7. Bxa6 bxa6 8. exd5 Qxd5 9. O-O Qxc5 10. Nb3 Qh5 11. Nfd4 Qd5 12. Nf3 Qc6 13. Nfd4 Qc7 14. Qf3 Bb7 15. Qg3 Bd6 16. Qh3 O-O-O 17. Bg5 h6 18. Bh4 g5 19. Bg3 Ne4 20. c4 Nxg3 21. hxg3 h5 22. c5 Be5 23. Rfd1 Bd5 24. Rac1 Qe7 25. c6 g4 26. Qh4 Bf6 27. Qh2 Be5 28. Qh4 Bf6 29. Qh2 Qc7 30. Nc5 Qb6 31. b4 Qxb4 32. Nd7 Bxd4 33. Rb1 Qa3 34. Rxd4 Qxa2 35. Rbd1 Kc7 36. Nf6 Bxc6 37. Qh4 Rxd4 38. Ne8+ Rxe8 39. Qe7+ Rxe7 0-1


[Site "https://www.chess.com"]

[Event "Titled Tuesday Blitz January 31 Early 2023"]
[White "Prieto Aranguren, Alain"]
[Black "Osmak, Yuliia"]
[WhiteFideId "2268906"]
[BlackFideId "14101602"]
[WhiteElo "2258"]
[BlackElo "2440"]
[Result "1-0"]
[Round "04"]
[TimeControl "180+2"]
[Date "2023.01.31"]
[WhiteClock "0:00:34"]
[BlackClock "0:00:40"]

1. e4 c6 2. d4 d5 3. exd5 cxd5 4. Bd3 Nc6 5. Nf3 Bg4 6. O-O Bxf3 7. gxf3 Nxd4 8. c4 e6 9. cxd5 Qxd5 10. Be4 Qd7 11. Be3 Bc5 12. Bxb7 Qxb7 13. Bxd4 Bxd4 14. Qxd4 Nf6 15. Qa4+ Nd7 16. Rd1 Rd8 17. Nc3 O-O 18. Ne4 Ne5 19. Rxd8 Nxf3+ 20. Kg2 Nh4+ 21. Kh3 Rxd8 22. Kxh4 Qxb2 23. Rd1 Rf8 24. Qd4 Qxa2 25. Rg1 f6 26. Nxf6+ Rxf6 27. Qxf6 Qc4+ 28. Kh5 Qe2+ 29. Kh4 Qe4+ 30. Kh3 Qd3+ 31. f3 Qd7 32. Qe5 h6 33. Rc1 Qe8 34. Rc7 Qg6 35. Rxa7 1-0


[Site "https://www.chess.com"]

[Event "Titled Tuesday Blitz January 31 Early 2023"]
[White "Matveeva, Olga"]
[Black "Ozates, Tuna"]
[WhiteFideId "24107018"]
[BlackFideId "6354521"]
[WhiteElo "2128"]
[BlackElo "2251"]
[Result "0-1"]
[Round "04"]
[TimeControl "180+2"]
[Date "2023.01.31"]
[WhiteClock "0:00:05"]
[BlackClock "0:00:54"]

1. d4 Nf6 2. c4 e6 3. g3 d5 4. Nf3 dxc4 5. Bg2 c5 6. O-O Nc6 7. Qa4 Bd7 8. Qxc4 b5 9. Qd3 c4 10. Qd1 Bd6 11. e3 O-O 12. a4 a6 13. Na3 Rb8 14. Bd2 Ne4 15. Qc2 Nxd2 16. Nxd2 Nb4 17. Qd1 Nd3 18. Qc2 Qe7 19. Be4 Nb4 20. Qd1 f5 21. Bg2 e5 22. dxe5 Bxe5 23. Naxc4 bxc4 24. Nxc4 Bf6 25. Qe2 Be6 26. Rfd1 Rfc8 27. Rac1 Na2 28. Rc2 Qc5 29. Na3 Qe7 30. Qxa6 Rxc2 31. Nxc2 Bb3 32. Bd5+ Bxd5 33. Rxd5 Rxb2 34. Qa8+ Kf7 35. Nd4 Rb1+ 36. Kg2 Qe4+ 37. Nf3 Nb4 38. Rd7+ Kg6 39. Qa7 Nd3 40. h4 Ne1+ 41. Kh3 Qg4+ 0-1


[Site "https://www.chess.com"]

[Event "Titled Tuesday Blitz January 31 Early 2023"]
[White "rikchessmx"]
[Black "Martic, Ivan"]
[BlackFideId "929301"]
[WhiteElo "2329"]
[BlackElo "2301"]
[Result "1-0"]
[Round "04"]
[TimeControl "180+2"]
[Date "2023.01.31"]
[WhiteClock "0:02:13"]
[BlackClock "0:02:15"]

1. e4 c5 2. Nf3 d6 3. d4 cxd4 4. Nxd4 Nf6 5. Nc3 a6 6. f4 e6 7. Qf3 Qb6 8. Nb3 Nbd7 9. Be3 Qc7 10. g4 h6 11. Bg2 g5 12. O-O-O gxf4 13. Bxf4 Ne5 14. Bxe5 dxe5 15. Qxf6 Rg8 16. h3 Be7 17. Qf2 Bd7 18. Kb1 b5 19. Rd2 b4 20. Ne2 a5 21. Rhd1 Bb5 22. Ng3 a4 23. Nc1 a3 24. Nb3 axb2 25. Nh5 Qc6 26. Nf6+ Bxf6 27. Qxf6 Qb6 28. Rd6 Qa7 29. Rd8+ 1-0


[Site "https://www.chess.com"]

[Event "Titled Tuesday Blitz January 31 Early 2023"]
[White "Roux, Baptiste"]
[Black "Balint, Vilmos"]
[WhiteFideId "36017450"]
[BlackFideId "718050"]
[WhiteElo "2300"]
[BlackElo "2169"]
[Result "1-0"]
[Round "04"]
[TimeControl "180+2"]
[Date "2023.01.31"]
[WhiteClock "0:00:11"]
[BlackClock "0:00:42"]

1. e4 e6 2. d4 d5 3. Bd3 c5 4. exd5 exd5 5. Nf3 c4 6. Be2 Nf6 7. O-O h6 8. b3 cxb3 9. axb3 Be7 10. c4 O-O 11. Nc3 Nc6 12. Bf4 Bf5 13. Ne5 Nb4 14. Bf3 a6 15. c5 a5 16. Rc1 Re8 17. Re1 Bf8 18. h3 Nd7 19. g4 Nxe5 20. Bxe5 Bg6 21. Re3 f6 22. Bf4 Rxe3 23. fxe3 Qd7 24. Qd2 Re8 25. Ra1 Qd8 26. Kg2 Kh7 27. Kh2 f5 28. Qg2 fxg4 29. hxg4 Nc2 30. Rf1 Nxe3 31. Bxe3 Rxe3 32. Nxd5 Rxb3 33. Be4 Qh4+ 34. Kg1 Qg5 35. Nf4 Bxe4 36. Qxe4+ Kh8 37. Ng6+ Kg8 38. Rxf8+ Kh7 39. Rh8# 1-0


[Site "https://www.chess.com"]

[Event "Titled Tuesday Blitz January 31 Early 2023"]
[White "Hoffmann, Asa"]
[Black "Womacka, Mathias"]
[WhiteFideId "2001470"]
[BlackFideId "4611390"]
[WhiteElo "2185"]
[BlackElo "2396"]
[Result "1-0"]
[Round "04"]
[TimeControl "180+2"]
[Date "2023.01.31"]
[WhiteClock "0:00:08"]
[BlackClock "0:00:13"]

1. d4 Nf6 2. Bg5 Ne4 3. Bf4 c5 4. f3 Qa5+ 5. c3 Nf6 6. d5 Qb6 7. e4 Qxb2 8. Nd2 Qxc3 9. Bc7 d6 10. Rb1 g6 11. Rb3 Qe5 12. Ba5 Bg7 13. Nc4 Qh5 14. Ne2 O-O 15. Nf4 Qh6 16. Bd2 g5 17. Ne2 Qg6 18. Ng3 Nh5 19. Bd3 Nf4 20. O-O Nxd3 21. Rxd3 Nd7 22. f4 gxf4 23. Nf5 Re8 24. Bxf4 Nf6 25. Rg3 Bxf5 26. Rxg6 Bxg6 27. e5 dxe5 28. Nxe5 Rad8 29. Nxg6 hxg6 30. Qb3 Nxd5 31. Qxb7 Nxf4 32. Rxf4 Rd2 33. Qb3 e6 34. h4 Bd4+ 35. Kf1 Rb2 36. Qa4 Reb8 37. Qxa7 Rb1+ 38. Ke2 R8b2+ 39. Kf3 Rf1+ 40. Kg4 Rxg2+ 41. Kh3 Rxf4 42. Kxg2 c4 43. Qb8+ Kg7 44. Qxf4 e5 45. Qe4 c3 46. a4 Kf6 47. a5 Ke6 48. a6 Kd6 49. Kf3 Kc7 50. Ke2 Kb6 51. Qd3 Ka5 52. Qxd4 exd4 53. a7 Kb4 54. Kd3 Kb3 55. a8=Q c2 56. Qb7+ 1-0


[Site "https://www.chess.com"]

[Event "Titled Tuesday Blitz January 31 Early 2023"]
[White "Petrova, Irina"]
[Black "Orlov, Georgi"]
[WhiteFideId "14124122"]
[BlackFideId "2011271"]
[WhiteElo "2108"]
[BlackElo "2453"]
[Result "0-1"]
[Round "04"]
[TimeControl "180+2"]
[Date "2023.01.31"]
[WhiteClock "0:00:10"]
[BlackClock "0:00:24"]

1. e4 e6 2. d4 d5 3. Nc3 Bb4 4. Ne2 dxe4 5. a3 Be7 6. g4 c5 7. Bg2 Nc6 8. dxc5 Qxd1+ 9. Nxd1 Bxc5 10. Bxe4 Nf6 11. Bxc6+ bxc6 12. Be3 Bb6 13. h3 Ba6 14. Ndc3 O-O-O 15. Rd1 Nd5 16. Bxb6 axb6 17. Nxd5 exd5 18. Kd2 d4 19. Nf4 Rhe8 20. Rhe1 g6 21. Rxe8 Rxe8 22. Re1 Rxe1 23. Kxe1 Kd7 24. Kd2 Kd6 25. Ng2 Ke5 26. b4 Bf1 27. Ne1 Bxh3 28. f3 h5 29. gxh5 gxh5 30. Ke2 Be6 31. a4 Bc4+ 32. Kf2 c5 33. bxc5 bxc5 34. a5 Ba6 35. Ng2 c4 36. Ne1 h4 37. Kg2 Bc8 38. Kh2 Kf4 39. Ng2+ Kxf3 40. Nxh4+ Ke2 41. Kg3 c3 42. Nf3 d3 43. cxd3 Kxd3 44. Kf4 f6 45. Ne1+ Kd2 46. Nf3+ Kd3 47. Ne1+ Kc4 48. Ke3 Kb4 49. Kd4 f5 50. Nd3+ Kb3 51. Ke5 c2 52. Nc1+ Kb2 53. Nd3+ Kc3 54. Nc1 Kd2 55. Nb3+ Ke3 56. a6 Bxa6 57. Kxf5 Bc4 58. Nc1 Kd2 59. Ke5 Kxc1 60. Kd4 Bg8 0-1


[Site "https://www.chess.com"]

[Event "Titled Tuesday Blitz January 31 Early 2023"]
[White "Kalajzic, Ivan"]
[Black "Manukyan, Artyom"]
[WhiteFideId "14506378"]
[BlackFideId "13305786"]
[WhiteElo "2062"]
[BlackElo "2110"]
[Result "0-1"]
[Round "04"]
[TimeControl "180+2"]
[Date "2023.01.31"]
[WhiteClock "0:00:12"]
[BlackClock "0:00:54"]

1. d4 Nf6 2. Nc3 d5 3. Bg5 Nbd7 4. e3 c6 5. f4 h6 6. Bh4 e6 7. Nf3 Be7 8. Bd3 Qc7 9. O-O O-O 10. Ne5 a6 11. g4 Nxe5 12. fxe5 Nh7 13. Bg3 c5 14. Kh1 b5 15. Bxh7+ Kxh7 16. Ne2 Bb7 17. c3 a5 18. Nf4 b4 19. Qd3+ Kg8 20. Nh5 Ba6 21. Qc2 Bxf1 22. Rxf1 cxd4 23. exd4 Qc4 24. Qf2 bxc3 25. bxc3 Qd3 26. Nf4 Qe4+ 27. Kg1 Rab8 28. Re1 Rb1 29. Rxb1 Qxb1+ 30. Kg2 Qe4+ 31. Kh3 Rb8 32. Nh5 a4 33. Bh4 Bxh4 34. Qxh4 Qe3+ 35. Ng3 Qg5 36. Qxg5 hxg5 0-1


[Site "https://www.chess.com"]

[Event "Titled Tuesday Blitz January 31 Early 2023"]
[White "Pavlidou, Ekaterini"]
[Black "Tomaszewski, Kacper"]
[WhiteFideId "4213262"]
[BlackFideId "1127373"]
[WhiteElo "2088"]
[BlackElo "2313"]
[Result "0-1"]
[Round "04"]
[TimeControl "180+2"]
[Date "2023.01.31"]
[WhiteClock "0:00:03"]
[BlackClock "0:00:05"]

1. d4 d6 2. c4 Nf6 3. Nf3 Bf5 4. Nc3 e6 5. Nd2 d5 6. e3 c5 7. cxd5 exd5 8. Bb5+ Nc6 9. Bxc6+ bxc6 10. Nb3 c4 11. Nc5 Bxc5 12. dxc5 Bd3 13. Ne2 Qa5+ 14. Bd2 Qxc5 15. O-O O-O 16. Bc3 Ne4 17. Bd4 Qd6 18. f3 Ng5 19. Rf2 Ne6 20. Nf4 Nxf4 21. exf4 Qxf4 22. Bc3 Rfe8 23. b3 Re6 24. bxc4 Bxc4 25. Qc2 Rae8 26. Qb2 f6 27. g3 Qd6 28. Rd1 Re2 29. Rxe2 Rxe2 30. Qb7 h5 31. Qc8+ Kf7 32. Qf5 Qc5+ 33. Bd4 Qe7 34. Qxh5+ Kg8 35. f4 Re1+ 36. Kf2 Rxd1 37. Qxd1 c5 38. Ba1 d4 39. Qf3 Bxa2 40. f5 Bf7 41. g4 a5 42. Bb2 a4 43. Ba3 Qe3+ 44. Qxe3 dxe3+ 45. Kxe3 c4 46. Kd4 Kh7 47. h3 Kh6 48. Bc1+ Kh7 49. Bd2 g6 50. Bb4 gxf5 51. gxf5 Kh6 52. Ke4 Kg5 53. Bd2+ Kh4 54. Bc3 Kg5 55. Bd2+ Kh4 56. Bc3 a3 57. Kf4 Kxh3 58. Bxf6 Kg2 59. Ke3 Kf1 60. Kd2 Kf2 61. Bd4+ Kf3 62. f6 Ke4 63. Bc3 Kd5 64. Kc1 Kc5 65. Kb1 Kb5 66. Ka2 Ka4 67. Ka1 Bg6 68. Ka2 Be8 69. Bd4 Bf7 70. Bc3 Be6 71. Bd4 c3+ 72. Kb1 a2+ 73. Ka1 c2 74. Bb2 Kb3 75. Bc1 Bf7 76. Bd2 Be6 77. Bc1 Bd5 78. Bd2 Bf7 79. Bc1 Kc3 80. Bb2+ Kd2 81. Bc1+ Kd1 82. Bb2 Be6 83. f7 Bxf7 84. Bc1 Bb3 85. Bb2 Ke2 86. Bc1 Kd3 87. Kb2 Kc4 88. Ka1 Kc3 89. Bb2+ Kd2 90. Bc1+ Kd1 91. Bb2 Bg8 92. Bc1 Bh7 0-1


[Site "https://www.chess.com"]

[Event "Titled Tuesday Blitz January 31 Early 2023"]
[White "Rangel, Daniel"]
[Black "Liimatainen, Jero"]
[WhiteFideId "2124475"]
[BlackFideId "509531"]
[WhiteElo "2207"]
[BlackElo "1948"]
[Result "1-0"]
[Round "04"]
[TimeControl "180+2"]
[Date "2023.01.31"]
[WhiteClock "0:01:27"]
[BlackClock "0:02:10"]

1. c4 c5 2. g3 g6 3. Bg2 Bg7 4. Nc3 Nc6 5. e3 d6 6. Nge2 Bd7 7. O-O Qc8 8. d4 h5 9. h4 Nh6 10. Nd5 Nf5 11. dxc5 dxc5 12. e4 Nd6 13. Bf4 O-O 14. Nxe7+ Nxe7 15. Bxd6 Re8 16. e5 Nc6 17. f4 Bg4 18. Qd2 a5 19. Nc3 Nd4 20. Nd5 1-0


[Site "https://www.chess.com"]

[Event "Titled Tuesday Blitz January 31 Early 2023"]
[White "Malka, Samuel"]
[Black "Pace, Christopher"]
[WhiteFideId "20643675"]
[BlackFideId "2610167"]
[WhiteElo "2165"]
[BlackElo "2053"]
[Result "1/2-1/2"]
[Round "04"]
[TimeControl "180+2"]
[Date "2023.01.31"]
[WhiteClock "0:00:10"]
[BlackClock "0:00:15"]

1. d4 Nf6 2. c4 g6 3. Nc3 Bg7 4. e4 d6 5. Nf3 e5 6. dxe5 dxe5 7. Qxd8+ Kxd8 8. Nxe5 Re8 9. Nxf7+ Ke7 10. Ng5 h6 11. Nf3 Kf7 12. Bd3 Bg4 13. O-O Nc6 14. Be3 Rad8 15. Bc2 Bxf3 16. gxf3 Ne5 17. Kg2 g5 18. h3 a6 19. b3 Nh5 20. Ne2 Ng6 21. Rad1 Nh4+ 22. Kh1 Nxf3 23. Ng3 Nf4 24. Bxf4 gxf4 25. Nf5 Bf8 26. Rd5 c6 27. Rd3 Rxd3 28. Bxd3 Ng5 29. f3 Nxh3 30. Kg2 Ng5 31. Rh1 Rd8 32. Rd1 Kf6 33. Be2 Rxd1 34. Bxd1 Ke5 35. Be2 Ne6 36. Nh4 Nd4 37. Bd3 Bb4 38. Ng6+ Kf6 39. Nxf4 Bd2 40. Ne2 Nxe2 41. Bxe2 Kg5 42. Kg3 Be1+ 43. Kg2 Kf4 44. Bf1 Ke3 45. c5 Bb4 46. e5 Bxc5 47. e6 Kf4 48. a4 Ke5 49. Bc4 b5 50. axb5 axb5 51. Bd3 Kxe6 52. Kh3 Ke5 53. Be4 b4 54. Bxc6 Be3 55. Kg4 Bf4 56. Ba4 Be3 57. Kh5 Bf4 58. Kg4 Be3 59. Kh4 Bf4 60. Kg4 1/2-1/2


[Site "https://www.chess.com"]

[Event "Titled Tuesday Blitz January 31 Early 2023"]
[White "Zaichenko, Daria"]
[Black "Zochowski, Kacper"]
[WhiteFideId "4197453"]
[BlackFideId "1125494"]
[WhiteElo "2104"]
[BlackElo "2262"]
[Result "0-1"]
[Round "04"]
[TimeControl "180+2"]
[Date "2023.01.31"]
[WhiteClock "0:01:03"]
[BlackClock "0:00:33"]

1. e4 d6 2. d4 Nf6 3. Nc3 e5 4. f4 exd4 5. Qxd4 c6 6. Nf3 Nbd7 7. Bc4 Nb6 8. Bb3 Be7 9. O-O O-O 10. Bd2 Bg4 11. h3 Bxf3 12. Rxf3 Rc8 13. Qf2 d5 14. e5 Ne4 15. Nxe4 dxe4 16. Rg3 Bh4 17. Rxg7+ Kxg7 18. g3 Be7 19. Bc3 Nd5 20. Rd1 Qb6 21. Bd4 e3 22. Qe2 Bc5 23. Qg4+ Kh8 24. c3 Bxd4 25. Rxd4 Rg8 26. Qh4 e2 27. Kf2 Qd8 28. Qh6 Rg6 29. Qh5 Qg8 30. g4 Re8 31. Bc2 Qg7 32. Bxg6 fxg6 33. Qh4 Nxf4 34. Rxf4 e1=Q+ 35. Kxe1 Qxe5+ 36. Kd1 Qxf4 0-1


[Site "https://www.chess.com"]

[Event "Titled Tuesday Blitz January 31 Early 2023"]
[White "Przybylski, Wojciech"]
[Black "Lucassen, Mickey"]
[WhiteFideId "1117599"]
[BlackFideId "12919110"]
[WhiteElo "2321"]
[BlackElo "2023"]
[Result "0-1"]
[Round "04"]
[TimeControl "180+2"]
[Date "2023.01.31"]
[WhiteClock "0:00:02"]
[BlackClock "0:00:10"]

1. e4 c5 2. Nf3 d6 3. d4 cxd4 4. Nxd4 Nf6 5. Nc3 g6 6. h4 Nc6 7. h5 Nxh5 8. g4 Nf6 9. g5 Ng4 10. Nxc6 bxc6 11. Be2 Ne5 12. f4 Nd7 13. Be3 Bg7 14. Qd2 Qa5 15. O-O Rb8 16. f5 Rxb2 17. f6 exf6 18. e5 Qxe5 19. Bd4 Qg3+ 20. Kh1 c5 21. Bxf6 Nxf6 22. gxf6 Bxf6 23. Nd5 Be5 24. Bf3 O-O 25. Qh6 Bg7 26. Qd2 Qh4+ 27. Kg1 Bd4+ 28. Ne3 Qg3+ 29. Kh1 Bh3 30. Ng2 Bxg2+ 31. Qxg2 Qxg2+ 32. Bxg2 Rxc2 33. Bd5 Bxa1 34. Rxa1 Kg7 35. Rf1 Rd2 36. Bb3 Rd4 37. Rc1 a5 38. Kg2 a4 39. Bc4 Rb8 40. Be2 Rb2 41. Kf3 Rdd2 42. Bc4 Rxa2 43. Ke3 Rdb2 44. Rd1 Ra3+ 45. Ke4 Rc3 46. Bd3 Rb4+ 47. Kd5 Rxd3+ 48. Rxd3 Rd4+ 49. Rxd4 cxd4 50. Kxd4 Kf6 0-1


[Site "https://www.chess.com"]

[Event "Titled Tuesday Blitz January 31 Early 2023"]
[White "Rose, Felix"]
[Black "Manukian, Artak"]
[WhiteFideId "5105722"]
[BlackFideId "13301373"]
[WhiteElo "2091"]
[BlackElo "2196"]
[Result "1-0"]
[Round "04"]
[TimeControl "180+2"]
[Date "2023.01.31"]
[WhiteClock "0:00:07"]
[BlackClock "0:00:02"]

1. e4 c6 2. d4 d5 3. e5 Bf5 4. h4 h5 5. Bd3 Bxd3 6. Qxd3 e6 7. Bg5 Qa5+ 8. Nd2 Qa6 9. c4 Bb4 10. b3 Nh6 11. Nf3 Nd7 12. O-O Nf5 13. Qc2 f6 14. cxd5 cxd5 15. exf6 gxf6 16. Rfe1 Kf7 17. a3 Bd6 18. Rxe6 Kxe6 19. Re1+ Kf7 20. Qxf5 Qc6 21. Re6 Bh2+ 22. Kxh2 Qxe6 23. Qf4 Kg7 24. Qc7 fxg5 25. Nxg5 Qc6 26. Qg3 Nf6 27. Ndf3 Ng4+ 28. Kh3 Qd7 29. Qf4 Rhf8 30. Qd2 Nxf2+ 31. Kh2 Ng4+ 32. Kg1 Rae8 33. Ne5 Nxe5 34. dxe5 Qf5 35. Nf3 Qf4 36. Qxd5 Rd8 37. Qxb7+ Rf7 38. Qc6 Rd1+ 39. Kf2 Qxh4+ 40. Ke2 Rxf3 41. Kxd1 Rd3+ 42. Ke2 Qd4 43. Qf6+ Kg8 44. Qg6+ Kf8 45. Qf5+ Ke8 46. Qxd3 Qb2+ 47. Ke3 Qxa3 48. Qg6+ Ke7 49. Qf6+ Kd7 50. Qf7+ Kc8 51. e6 Qxb3+ 52. Kf4 Qc4+ 53. Kg5 Qg4+ 54. Kh6 Qd4 55. e7 Qh8+ 56. Kg6 Kd7 57. e8=Q+ 1-0


[Site "https://www.chess.com"]

[Event "Titled Tuesday Blitz January 31 Early 2023"]
[White "Ljukin, Sergei"]
[Black "Bobomurodova, Maftuna"]
[WhiteFideId "14102200"]
[BlackFideId "14207400"]
[WhiteElo "2362"]
[BlackElo "1946"]
[Result "1-0"]
[Round "04"]
[TimeControl "180+2"]
[Date "2023.01.31"]
[WhiteClock "0:01:53"]
[BlackClock "0:00:55"]

1. e4 e5 2. Nf3 Nc6 3. Bb5 Nf6 4. Qe2 d6 5. c3 a6 6. Ba4 b5 7. Bb3 Be7 8. O-O O-O 9. d4 Bg4 10. Rd1 Re8 11. h3 Bh5 12. g4 Bg6 13. dxe5 Nxe4 14. Bd5 Qd7 15. Bxe4 Bf8 16. Bxg6 hxg6 17. Be3 Nxe5 18. Nxe5 Rxe5 19. Nd2 Qc6 20. Nf3 Ree8 21. Nd4 Qb7 22. Qf3 Qxf3 23. Nxf3 f6 24. a4 Kf7 25. axb5 axb5 26. Nd4 Rab8 27. Ra7 Rec8 28. Rda1 b4 29. c4 b3 30. Nc6 1-0


[Site "https://www.chess.com"]